 Dungeon Crawl Stone Soup version 0.28-a0-664-gc179e30c89 (webtiles) character file.

Game seed: 17546762088421603162

154 namoto the Shooter (level 5, -1/47 HPs)
             Began as a Minotaur Hunter on Oct 15, 2021.
             Slain by Crazy Yiuf (16 damage)
             ... on level 3 of the Dungeon.
             The game lasted 00:07:08 (2442 turns).

namoto the Shooter (Minotaur Hunter)                Turns: 2442, Time: 00:07:09

Health: -1/47      AC:  7    Str: 16    XL:     5   Next: 13%
Magic:  4/4        EV: 10    Int:  8    God:
Gold:   92         SH:  0    Dex: 12    Spells: 4/4 levels left

rFire   . . .      SeeInvis .   l - +0 long sword
rCold   + . .      Faith    .   (no shield)
rNeg    . . .      Spirit   .   r - +0 scale mail {rC+}
rPois   .          Reflect  .   (helmet restricted)
rElec   .          Harm     .   (no cloak)
rCorr   .          Rampage  .   (no gloves)
Will    .....                   p - +0 pair of boots
Stlth   ..........              (no amulet)
HPRegen 0.15/turn               (no ring)
MPRegen 0.09/turn               (no ring)

@: lethally poisoned (-1 -> -10)
A: horns 2, retaliatory headbutt
a: no special abilities


You were on level 3 of the Dungeon.
You visited 1 branch of the dungeon, and saw 3 of its levels.

You collected 92 gold pieces.

Inventory:

Hand Weapons
 a - a +1 shortbow
 b - a +0 short sword
 l - a +0 long sword (weapon)
Missiles
 d - 11 arrows
 q - 9 sling bullets
 u - 36 stones (quivered)
Armour
 c - a +0 leather armour
 g - a +0 ring mail
 p - a +0 pair of boots (worn)
 r - a +0 scale mail of cold resistance (worn)
 t - a +0 buckler
Jewellery
 j - a ring of protection from cold
 k - an amulet of guardian spirit
 v - an amulet of magic regeneration
Scrolls
 f - 4 scrolls of identify {unknown}
 m - a scroll of amnesia {unknown}
 o - a scroll of fog {unknown}
 w - 4 scrolls of teleportation {unknown}
Potions
 e - a potion of lignification {unknown}
 h - 3 potions of cancellation {unknown}
 i - a potion of berserk rage {unknown}
 n - 2 potions of heal wounds {unknown}
 s - 2 potions of curing {unknown}
 x - a potion of brilliance {unknown}


   Skills:
 + Level 4.4 Fighting
 + Level 5.5 Bows
 + Level 2.7 Armour
 - Level 2.1 Dodging
 - Level 0.7 Stealth


You had 4 spell levels left.
You didn't know any spells.
Your spell library was empty.

Dungeon Overview and Level Annotations

Branches:
Dungeon (3/15)

Altars:
Zin

Annotations:
D:3 Crazy Yiuf


Innate Abilities, Weirdness & Mutations

You have a pair of horns on your head.
You reflexively headbutt those who attack you in melee.


Message History

The endoplasm is lightly wounded.
The endoplasm closely misses you. You furiously retaliate!
You headbutt the endoplasm. You hit the endoplasm. You headbutt the endoplasm.
You kill the endoplasm!
h - 3 emerald potions (gained 1)
Found a mace.
Found a runed translucent door.
Crazy Yiuf shouts!
Crazy Yiuf grits, "Race toodlewoodle tea!"
Crazy Yiuf cries, "Whippet sizzlefizz sing!"
You open the door. You hit Crazy Yiuf but do no damage.
You headbutt Crazy Yiuf!
Crazy Yiuf is heavily wounded.
Crazy Yiuf hits you with a +3 quarterstaff of chaos.
You are poisoned.
You barely miss Crazy Yiuf.
Crazy Yiuf is heavily wounded.
You feel very sick. Crazy Yiuf misses you.
You barely miss Crazy Yiuf.
Crazy Yiuf is heavily wounded.
You feel very sick. Crazy Yiuf barely misses you. You furiously retaliate!
You headbutt Crazy Yiuf, but do no damage.
Crazy Yiuf hits you with a +3 quarterstaff of chaos.
You hit Crazy Yiuf.
Crazy Yiuf is severely wounded.
You feel sick. Crazy Yiuf barely misses you. You furiously retaliate!
You headbutt Crazy Yiuf, but do no damage.
You closely miss Crazy Yiuf.
Crazy Yiuf is severely wounded.
You feel sick.
Crazy Yiuf hits you with a +3 quarterstaff of chaos!
You are more poisoned.
Crazy Yiuf barely misses you.
You closely miss Crazy Yiuf.
Crazy Yiuf is severely wounded.
You feel very sick.
Crazy Yiuf hits you with a +3 quarterstaff of chaos!
You die...

.....#
#.#..#.##..
####.## #.#..#.#
#. #..# # #..#..
. ##.# ##>### #
#.## )..
#..###♣♣♣♣♣ ###
##.#....♣.♣♣♣ ###
#.......♣..♣#...#
#......♣♣♣♣@g...#
##....♣♣ ♣♣#..)#
####♣♣ ###


You could see Crazy Yiuf.

Vanquished Creatures
  A hound (D:3)
  An orc priest (D:3)
  An adder (D:2)
  A white imp (D:3)
  A worm (D:2)
  A dart slug (D:1)
  4 orcs (D:3)
  8 ball pythons
  4 endoplasms
  2 giant cockroaches (D:1)
  4 goblins
  A hobgoblin (D:1)
  11 jackals
  6 kobolds
  5 quokkas
  4 bats
  4 frilled lizards
  8 rats
67 creatures vanquished.

Notes
Turn   | Place    | Note
-------+----------+-------------------------------------------
     0 | D:1      | namoto the Minotaur Hunter began the quest for the Orb.
     0 | D:1      | Reached XP level 1. HP: 18/18 MP: 0/0
   180 | D:1      | Reached XP level 2. HP: 25/26 MP: 1/1
   627 | D:1      | Reached XP level 3. HP: 31/31 MP: 2/2
   873 | D:2      | Reached skill level 5 in Bows
   873 | D:2      | Reached skill level 1 in Armour
  1217 | D:2      | Found a faded altar of an unknown god.
  1840 | D:3      | Found a glowing silver altar of Zin.
  1878 | D:3      | Reached XP level 4. HP: 37/40 MP: 3/3
  2123 | D:3      | Reached XP level 5. HP: 19/47 MP: 4/4
  2432 | D:3      | Found a runed translucent door.
  2433 | D:3      | Noticed Crazy Yiuf
  2442 | D:3      | Slain by Crazy Yiuf

Illustrated notes

Levels and vault maps discovered:
D:1:      pf_arrival_petrified_forest, layout_loops_ring
D:2:      layout_basic, hellmonk_ecumenical_altar_heavens_door
D:3:      layout_basic, mainiacjoe_overflow_brackets, uniq_crazy_yiuf_cottage

Skill      XL: |  1  2  3 |
---------------+----------+-----
Fighting       | 3 4 |  4.4
Bows           | 5 |  5.5
Armour         | 2 |  2.7
Dodging        | |  2.1
Stealth        | |  0.7

Action                   |  1- 3 |  4- 6 || total
-------------------------+-------+-------++-------
Melee: Short sword       |    14 |       ||    14
       Headbutt          |     8 |    10 ||    18
       Long sword        |    39 |    41 ||    80
 Fire: Shortbow          |    56 |     7 ||    63
Armor: Leather armour    |     5 |       ||     5
       Ring mail         |    23 |       ||    23
       Scale mail        |     2 |    18 ||    20
Dodge: Dodged            |    50 |    32 ||    82

Table legend: (Time is in decaauts)
 A = Elapsed time spent in this place.
 B = Non-inter-level travel time spent in this place.
 C = Inter-level travel time spent in this place.
 D = Time resting spent in this place.
 E = Time spent auto-exploring this place.
 F = Levels seen in this place.
 G = Mean time per level.
                   A        B        C        D        E       F      G
               +--------+--------+--------+--------+--------+-----+--------+
         Total |   2472 |   2438 |     34 |      3 |   1797 |   3 |  824.0 |
       Dungeon |   2472 |   2438 |     34 |      3 |   1797 |   3 |  824.0 |
               +--------+--------+--------+--------+--------+-----+--------+

Top non-repeatable levels by time:
     D:2: 1039 daAuts
     D:1: 808 daAuts
     D:3: 624 daAuts
